 Dungeon Crawl Stone Soup version 0.28-a0-674-gdaf460b524 (console) character file.

Game seed: 5928798857410351338

1854 stickyfingers the Cleaver (level 9, -2/77 HPs)
             Began as a Hill Orc Gladiator on Oct 17, 2021.
             Was a Follower of Yredelemnul.
             Slain by a warg (11 damage)
             ... on level 9 of the Dungeon.
             The game lasted 00:09:28 (6801 turns).

stickyfingers the Cleaver (Hill Orc Gladiator)      Turns: 6801, Time: 00:09:28

Health: -2/77      AC: 11    Str: 15    XL:     9   Next: 12%
Magic:  9/9        EV: 11    Int:  8    God:    Yredelemnul [*.....]
Gold:   214        SH:  0    Dex:  9    Spells: 8/8 levels left

rFire   . . .      SeeInvis .   a - +8 war axe {vorpal, +Blink rPois Str-3 Dex-5}
rCold   + . .      Faith    +   (no shield)
rNeg    . . .      Spirit   .   F - +3 ring mail {rC+}
rPois   +          Reflect  .   c - +0 helmet
rElec   .          Harm     .   x - +0 cloak
rCorr   .          Rampage  .   (no gloves)
Will    .....                   (no boots)
Stlth   ..........              K - amulet of faith
HPRegen 0.22/turn               (no ring)
MPRegen 0.11/turn               (no ring)

@: no status effects
A: no striking features
a: Renounce Religion, Convert to Beogh, Evoke Blink, Animate Remains


You were on level 9 of the Dungeon.
You worshipped Yredelemnul.
Yredelemnul was aware of your devotion.
You visited 2 branches of the dungeon, and saw 8 of its levels.

You collected 426 gold pieces.
You spent 212 gold pieces at shops.

Inventory:

Hand Weapons
 a - the +8 war axe of Fimbulwinter (weapon) {vorpal, +Blink rPois Str-3 Dex-5}
   (You bought it in a shop on level 3 of the Dungeon)

   It inflicts extra damage upon your enemies.
   Str:       It affects your strength (-3).
   Dex:       It affects your dexterity (-5).
   rPois:     It protects you from poison.
   +Blink:    It lets you blink.
Missiles
 d - 3 throwing nets
 g - 182 stones (quivered)
 h - 6 boomerangs
 j - 4 atropa-tipped darts
 u - 49 bolts
 J - 21 poisoned darts
 N - 27 arrows
 Q - 24 sling bullets
Armour
 b - a +0 leather armour
 c - a +0 helmet (worn)
 m - a +0 ring mail
   (You found it on level 1 of the Dungeon)
 n - a +0 buckler
   (You found it on level 2 of the Dungeon)
 x - a +0 cloak (worn)
   (You found it on level 3 of the Dungeon)
 B - a +0 chain mail
   (You found it on level 3 of the Dungeon)
 F - a +3 ring mail of cold resistance (worn)
   (You took it off Ijyb on level 5 of the Dungeon)
 H - a +0 pair of boots
   (You found it on level 5 of the Dungeon)
 M - the +1 chain mail of Foolhardiness {-Tele rN+ Str+2 Int+2}
   (You found it on level 6 of the Dungeon)

   Str:       It affects your strength (+2).
   Int:       It affects your intelligence (+2).
   rN:        It protects you from negative energy.
   -Tele:     It prevents most forms of teleportation.
 P - the +8 orange crystal plate armour {Archmagi, Int+3 Clar}
   (You found it on level 6 of the Dungeon)

   Int:       It affects your intelligence (+3).
   Clar:      It protects you against confusion.
Jewellery
 K - an amulet of faith (around neck)
   (You found it on level 5 of the Dungeon)
Wands
 p - a wand of iceblast (11)
   (You found it on level 2 of the Dungeon)
 t - a wand of polymorph (5)
   (You took it off Robin on level 2 of the Dungeon)
 E - a wand of acid (8)
   (You took it off Ijyb on level 5 of the Dungeon)
 O - a wand of flame (27)
   (You found it on level 4 of the Dungeon)
Scrolls
 e - 2 scrolls of vulnerability {unknown}
 f - a scroll of magic mapping {unknown}
 i - 2 scrolls of noise {unknown}
 k - a scroll of fear {unknown}
 l - a scroll of teleportation {unknown}
 o - 8 scrolls of identify {unknown}
 q - a scroll of silence {unknown}
 s - a scroll of holy word {unknown}
 w - a scroll of summoning {unknown}
 y - 2 scrolls of enchant armour {unknown}
 A - 3 scrolls of blinking {unknown}
 D - a scroll of enchant weapon {unknown}
Potions
 r - a potion of brilliance {unknown}
 v - 2 potions of magic {unknown}
 z - a potion of curing {unknown}
 C - a potion of heal wounds {unknown}
 G - a potion of might
 I - a potion of haste
 L - 2 potions of attraction {unknown}


   Skills:
 + Level 6.3 Fighting
 + Level 11.0 Axes
 - Level 1.7 Throwing
 + Level 5.1 Armour
 + Level 4.7 Dodging


You had 8 spell levels left.
You didn't know any spells.
Your spell library contained the following spells:

 Spells                   Type           Power      Damage    Failure   Level
 Apportation              Tloc           0%         N/A       63%         1
 Magic Dart               Conj           0%         1d3       63%         1
 Corpse Rot               Necr/Air       0%         N/A       77%         2
 Poisonous Vapours        Pois/Air       0%         N/A       77%         2
 Searing Ray              Conj           0%         2d4       77%         2
 Inner Flame              Hex/Fire       0%         N/A       94%         3
 Cause Fear               Hex            0%         N/A       100%        4
 Fulminant Prism          Conj/Hex       0%         3d6       100%        4
 Alistair's Intoxication  Tmut/Pois      0%         N/A       100%        5
 Invisibility             Hex            0%         N/A       100%        6
 Discord                  Hex            0%         N/A       100%        8


Dungeon Overview and Level Annotations

Branches:
Dungeon (6/15)             Temple (1/1) D:5            Lair (0/6) D:9

Altars:
Ashenzari
Dithmenos
Elyvilon
Fedhas
Gozag
Hepliaklqana
Kikubaaqudgha
Nemelex Xobeh
Okawaru
Ru
Sif Muna
Trog
Uskayaw
Wu Jian
Xom
Yredelemnul
Zin
The Shining One

Shops:
D:3 (   D:6 *


Message History

The kobold shouts!
A kobold brigand comes into view.
It is wielding a +0 dagger and quivering poisoned darts.
A kobold comes into view. It is wielding a +0 short sword.
A kobold comes into view. It is wielding a +0 dagger.
The kobold shouts!
The kobold hits you but does no damage.
A kobold opens the door.
There is a fountain of sparkling water here.
The kobold hits you but does no damage. The kobold hits you with a +0 club.
There is a sparkling altar of Nemelex Xobeh here.
The kobold barely misses you. The kobold hits you but does no damage.
The kobold hits you with a +0 club. The kobold brigand closely misses you.
You slash the kobold!
You kill the kobold!
Yredelemnul accepts your kill.
You closely miss the kobold brigand. You hit the kobold.
You closely miss the kobold. x2
The howler monkey hoots and howls with incredible vigour!
The kobold hits you but does no damage. The kobold misses you.
The kobold brigand hits you with a +0 dagger.
You slice the kobold!!
You kill the kobold!
Yredelemnul accepts your kill.
You hit the kobold.
You kill the kobold!
Yredelemnul accepts your kill.
You slash the kobold!
You kill the kobold!
Yredelemnul accepts your kill.
You barely miss the kobold. You barely miss the kobold brigand.
The kobold closely misses you. The kobold hits you but does no damage.
The kobold barely misses you.
The kobold brigand hits you but does no damage.
The howler monkey hoots and howls with incredible vigour!
The kobold hits you but does no damage.
The kobold brigand throws a poisoned dart.
The poisoned dart hits you!
The kobold throws a stone.
The stone hits you but does no damage.
You open the door. The kobold hits you but does no damage.
The howler monkey hoots and howls with incredible vigour!
There is an open door here.
You open the door. The kobold barely misses you.
The kobold hits you but does no damage.
There is an open door here.
You open the door.
The howler monkey hoots and howls with incredible vigour!
There is an open door here.
You open the door.
Found 14 gold pieces.
There is an open door here.
The kobold brigand throws a poisoned dart.
The poisoned dart hits you!
You open the door.
The kobold brigand throws a poisoned dart.
The poisoned dart hits you!
You are poisoned.
You feel sick.
There is an open door here.
You feel sick.
The kobold brigand throws a poisoned dart.
The poisoned dart hits you!
You open the door.
You feel sick.
You feel sick.
There is an open door here.
A warg and an orc wizard come into view.
Found 9 gold pieces and a scroll labelled HOT QAXEJYTUS.
You feel sick.
The warg howls!
You hear a shout!
An orc comes into view. It is wielding a +0 flail.
You feel sick.
The orc shouts!
You hear a shout! x2
A warg comes into view.
An orc priest comes into view. It is wielding a +0 club.
The warg howls!
You feel sick.
You are no longer poisoned.
A warg comes into view.
The warg howls!
An orc wizard comes into view. It is wielding a +0 dagger.
The orc priest miscasts a cantrip.
An orc comes into view.
It is wielding a +2 dagger of protection.
Found a staircase to the Lair.
The warg barely misses you. x2
The warg completely misses you.
The orc priest calls down the wrath of Beogh upon you.
Beogh smites you!
The orc wizard gestures wildly while chanting.
The orc wizard flickers and vanishes!
Deactivating autopickup; reactivate with Ctrl-A.
The warg barely misses you.
You slash the orc wizard!
The orc wizard is severely wounded.
You hit the warg. x2; You slash the warg!
The warg bites you! The warg barely misses you. The warg bites you!
* * * LOW HITPOINT WARNING * * *
The howler monkey hoots and howls with incredible vigour!
You slash the orc wizard!
You kill the orc wizard!
Yredelemnul accepts your kill.
You slash the warg! x2; You closely miss the warg.
The warg barely misses you. The warg bites you but does no damage.
The warg bites you!
* * * LOW HITPOINT WARNING * * *
The warg bites you!
You die...
Your body rises from the dead as a mindless zombie.

.......#
#......#
..K....#
#.h....#
#'######
#......# .h#
#.K....# .##
##'##### .#
#K.# .#
##O##### .#
#...K..# K#
#......# .#
#...hhK# ##
#...oh@#
#...ooh#
###.....
........
#........$?
...P........
......>......
.#
.............#
##


You could see a two-headed ogre, 3 wargs, a kobold brigand, a howler monkey
(catching breath), an orc priest, 2 orcs and 2 kobolds.

Vanquished Creatures
  2 wyverns (D:5 D:9)
  The ghost of snuffy the Shield-Bearer, an amateur DsGl of Qazlal (D:4)
  A steam dragon (D:6)
  A sky beast (D:5)
  A necrophage (D:4)
  An ogre (D:4)
  A centaur (D:6)
  A phantom (D:6)
  A water moccasin skeleton (D:6)
  2 howler monkeys (D:5 D:9)
  A centaur zombie (D:9)
  2 gnoll shamans (D:4 D:5)
  2 jellies (D:6)
  An orc priest (D:5)
  4 hounds (D:4 D:5 D:6)
  3 iguanas (D:4 D:5)
  Ijyb (D:5)
  2 orc wizards (D:5 D:9)
  A hound zombie (D:5)
  A hound skeleton (D:5)
  Robin (D:2)
  9 adders (D:2 D:3 D:4 D:5)
  9 gnolls (D:3 D:2 D:4 D:5)
  A shadow imp (D:5)
  An ufetubus (D:4)
  An adder skeleton (D:4)
  3 dart slugs (D:1 D:3)
  A worm (D:4)
  7 orcs (D:3 D:5 D:6)
  5 endoplasms (D:1 D:2 D:4)
  4 giant cockroaches (D:1 D:2 D:3)
  14 goblins (D:1 D:2 D:3 D:4)
  9 hobgoblins (D:1 D:2 D:3 D:4)
  7 jackals (D:3)
  4 quokkas (D:1 D:2 D:4)
  5 ball pythons (D:1 D:2 D:4)
  6 bats (D:1 D:2)
  A frilled lizard (D:3)
  13 kobolds (D:1 D:2 D:3 D:4 D:9)
  7 rats (D:1 D:2)
138 creatures vanquished.

Vanquished Creatures (others)
  5 toadstools (D:4)
5 creatures vanquished.

Grand Total: 143 creatures vanquished

Notes
Turn   | Place    | Note
-------+----------+-------------------------------------------
     0 | D:1      | stickyfingers the Hill Orc Gladiator began the quest for
                  | the Orb.
     0 | D:1      | Reached XP level 1. HP: 18/18 MP: 1/1
   183 | D:1      | Reached XP level 2. HP: 25/25 MP: 2/2
   441 | D:1      | Reached skill level 5 in Axes
   965 | D:2      | Reached XP level 3. HP: 17/30 MP: 3/3
  1140 | D:2      | Reached skill level 6 in Axes
  1326 | D:2      | Reached XP level 4. HP: 33/37 MP: 4/4
  1436 | D:2      | Noticed Robin
  1460 | D:2      | Killed Robin
  1461 | D:2      | Reached skill level 7 in Axes
  1677 | D:2      | Found an iron altar of Okawaru.
  1836 | D:3      | Reached XP level 5. HP: 42/42 MP: 5/5
  1886 | D:3      | Found Epomycw's Antique Weapon Emporium.
  1900 | D:3      | Found a faded altar of an unknown god.
  2180 | D:3      | HP: 12/42 [poisoned by an adder]
  2521 | D:2      | HP: 12/42 [gnoll (4)]
  2754 | D:2      | Reached skill level 8 in Axes
  2805 | D:3      | Found a hide-covered altar of Uskayaw.
  2811 | D:3      | Found a shimmering blue altar of Sif Muna.
  3255 | D:4      | Noticed a necrophage
  3460 | D:4      | Reached XP level 6. HP: 46/50 MP: 6/6
  3657 | D:4      | Reached skill level 9 in Axes
  3889 | D:4      | Killed a necrophage
  3890 | D:4      | Reached skill level 3 in Fighting
  3890 | D:4      | Reached skill level 1 in Armour
  4075 | D:4      | Found a runed translucent door.
  4080 | D:4      | Noticed snuffy's ghost (amateur DsGl)
  4300 | D:3      | Bought a warped war axe for 212 gold pieces
  4300 | D:3      | Identified the +8 war axe of Fimbulwinter {vorpal, +Blink
                  | rPois Str-3 Dex-5} (You bought it in a shop on level 3 of
                  | the Dungeon)
  4577 | D:4      | Reached XP level 7. HP: 46/57 MP: 7/7
  4713 | D:5      | Entered Level 5 of the Dungeon
  4725 | D:5      | Found a staircase to the Ecumenical Temple.
  4732 | D:5      | Noticed a wyvern
  4739 | D:5      | Killed a wyvern
  4740 | D:5      | Reached skill level 2 in Armour
  4740 | D:5      | Reached skill level 3 in Dodging
  4741 | Temple   | Entered the Ecumenical Temple
  5028 | Temple   | Became a worshipper of Yredelemnul the Dark
  5052 | D:5      | Reached skill level 4 in Fighting
  5056 | D:5      | Noticed Ijyb
  5063 | D:5      | Killed Ijyb
  5098 | D:5      | Reached skill level 3 in Armour
  5183 | D:5      | Reached XP level 8. HP: 67/67 MP: 8/8
  5301 | D:5      | Reached skill level 10 in Axes
  5709 | D:6      | Identified the +1 chain mail of Foolhardiness {-Tele rN+
                  | Str+2 Int+2}
  5757 | D:6      | Reached skill level 5 in Fighting
  5757 | D:6      | Reached skill level 4 in Dodging
  5758 | D:6      | HP: 20/68 [centaur/arrow (12)]
  5762 | D:6      | Reached skill level 4 in Armour
  6079 | D:4      | Killed snuffy's ghost
  6079 | D:4      | Reached * piety under Yredelemnul
  6182 | D:6      | Found the +8 orange crystal plate armour {Archmagi, Int+3
                  | Clar}
  6597 | D:6      | Found an opulent altar of Gozag.
  6597 | D:6      | Found Gozag's Platinum Reserve.
  6618 | D:6      | You fall into a shaft and drop 3 floors!
  6618 | D:9      | Noticed a wyvern
  6626 | D:9      | Killed a wyvern
  6627 | D:9      | Reached skill level 6 in Fighting
  6627 | D:9      | Reached skill level 5 in Armour
  6627 | D:9      | Reached XP level 9. HP: 67/75 MP: 9/9
  6717 | D:9      | Noticed a two-headed ogre
  6721 | D:9      | Reached skill level 11 in Axes
  6734 | D:9      | Found a sparkling altar of Nemelex Xobeh.
  6798 | D:9      | Found a staircase to the Lair.
  6800 | D:9      | HP: 17/77 [warg (11)]
  6801 | D:9      | Slain by a warg

Illustrated notes

Levels and vault maps discovered:
D:1:      dpeg_arrival_oval, layout_loops_ring
D:2:      layout_rooms, basic_altar, minmay_octomino_e4, uniq_robin
D:3:      layout_loops_ring, amethyst_overflow_temple_binary, serial_shops,
          shop, hellmonk_ecumenical_altar_lost_god, grunt_ministairs_10,
          kennysheep_generic_room_9
D:4:      layout_loops_ring, ebering_ghost_reflecting_pool,
          minmay_gold_behind_fungi
D:5:      layout_rooms, minmay_temple_entry_mist, uniq_ijyb
D:6:      layout_loops_ring, nicolae_gozag_zags_fifth_avenue,
          minmay_crystal_room
D:9:      layout_roguey, nemelex_xobeh_ov_fountains_minmay,
          vehumet_altar_wand_db, erik_lair_orcish_takeover, special_room
          [special_room_orc], minmay_misc_feat_more_columns
Temple:   eino_narrow_crystal_temple

Skill      XL: |  1  2  3  4  5  6  7  8  9 |
---------------+----------------------------+-----
Axes           | 5 6 7 8 9 10 11 | 11.0
Fighting       | 3 4 6 |  6.3
Armour         | 1 3 5 |  5.1
Dodging        | 3 4 |  4.7
Throwing       | |  1.7

Action                   |  1- 3 |  4- 6 |  7- 9 || total
-------------------------+-------+-------+-------++-------
Melee: War axe           |    75 |   215 |   111 ||   401
Armor: Leather armour    |    15 |       |       ||    15
       Ring mail         |    22 |    84 |    58 ||   164
Dodge: Dodged            |    60 |   134 |    66 ||   260

Table legend: (Time is in decaauts)
 A = Elapsed time spent in this place.
 B = Non-inter-level travel time spent in this place.
 C = Inter-level travel time spent in this place.
 D = Time resting spent in this place.
 E = Time spent auto-exploring this place.
 F = Levels seen in this place.
 G = Mean time per level.
                   A        B        C        D        E       F      G
               +--------+--------+--------+--------+--------+-----+--------+
         Total |   6852 |   6265 |    587 |    510 |   4475 |   8 |  856.5 |
       Dungeon |   6549 |   6004 |    545 |    510 |   4222 |   7 |  935.6 |
        Temple |    302 |    260 |     42 |      0 |    253 |   1 |  302.0 |
               +--------+--------+--------+--------+--------+-----+--------+

Top non-repeatable levels by time:
     D:4: 1610 daAuts
     D:2: 1308 daAuts
     D:3: 1231 daAuts
     D:1: 960 daAuts
     D:5: 700 daAuts
     D:6: 555 daAuts
  Temple: 302 daAuts
     D:9: 181 daAuts
